 Dungeon Crawl Stone Soup version 0.31-a0-200-gbc41564c69 (webtiles) character file.

Game seed: 4803393697884884203

86 qw the Shooter (level 4, -1/25 HPs)
             Began as a Deep Elf Hunter on June 25, 2023.
             Blown up by Ijyb (20 damage)
             ... with a mindburst bolt
             ... on level 3 of the Dungeon.
             The game lasted 00:00:35 (1152 turns).

qw the Shooter (Deep Elf Hunter)                    Turns: 1152, Time: 00:00:36

Health: -1/25      AC:  6    Str:  7 (10) XL:     4   Next: 27%
Magic:  6/6        EV: 10    Int: 13 (14) God:
Gold:   172        SH:  0    Dex: 16 (18) Spells: 3/3 levels left

rFire   . . .        Y - +0 shortbow (freeze)
rCold   . . .        (shield currently unavailable)
rNeg    . . .        e - +0 ring mail
rPois   .            c - +0 helmet
rElec   .            (no cloak)
rCorr   .            (no gloves)
SInv    .            (no boots)
Will    .....        (no amulet)
Stlth   +            (no ring)
HPRegen 0.24/turn    (no ring)
MPRegen 0.10/turn

%: no passive effects
@: no status effects
A: no striking features
a: no special abilities


You were on level 3 of the Dungeon.
You visited 1 branch of the dungeon, and saw 3 of its levels.

You collected 172 gold pieces.


   Skills:
 - Level 1.5 Fighting
 + Level 7.7 Ranged Weapons
 - Level 2.4 Dodging
 - Level 1.2 Stealth


You had 3 spell levels left.
You didn't know any spells.
Your spell library was empty.

Inventory:

Hand Weapons
 Y - a +0 shortbow of freezing (weapon)
Armour
 c - a +0 helmet (worn)
 e - a +0 ring mail (worn)
Scrolls
 a - 2 scrolls of identify
Potions
 b - 2 potions of enlightenment {unknown}
 d - a potion of ambrosia {unknown}
 h - a potion of curing {unknown}

Dungeon Overview and Level Annotations

Branches:
Dungeon (3/15)

Altars:

Annotations:
D:3 Ijyb


Message History

Done exploring.
1097 ||| READING scroll labelled ELUASA FOTTAWN.
As you read the scroll labelled ELUASA FOTTAWN, it crumbles to dust.
It is a scroll of enchant armour.
Really abort (and waste the scroll)?
Done exploring.
1098 ||| DRINKING 2 blue potions.
It was a potion of degeneration.
There was something very wrong with that liquid.
You feel weakened.
You feel dopey.
You feel clumsy.
Done exploring.
1099 ||| DROPPING potion of degeneration.
You drop a potion of degeneration.
Done exploring.
(D) Dungeon
Where to? (* - list waypoints, Enter - D:2, ? - help)
What level of the Dungeon? (default 1, ? - help)
There is a stone staircase leading down here.
You climb downwards.
Found four items.
There is a stone staircase leading up here.
Waypoint 2 assigned to D:3.
b - 2 lumpy inky potions You see here a +4 rapier.
You now have 172 gold pieces (gained 14).
There is a dry fountain here.
You open the door.
There is an open door here.
a - 2 scrolls of identify (gained 1) Ijyb the Twisted Goblin comes into view.
She is wielding a +0 dagger and carrying a wand of mindburst (15).
Found a dagger.
You shoot an arrow. The arrow hits Ijyb.
The arrow freezes Ijyb.
Ijyb is lightly wounded.
Ijyb zaps a wand.
Your mind is blasted!
You shoot an arrow. The arrow hits Ijyb but does no damage.
Ijyb is lightly wounded.
You shoot an arrow. The arrow hits Ijyb but does no damage.
Ijyb is lightly wounded.
Ijyb zaps a wand.
Your mind is blasted!
Ouch! That really hurt!
You die...

.## ..## ...#
... ##). ###
#.g #.# +.##
#.# #@.###.#
##.....##
#####..# #..#
#..# #..##
#...# #.#.#
####+########
#.#.#


You could see Ijyb.

Vanquished Creatures
  Robin (D:2)
  3 adders (D:2)
  2 ball pythons
  4 endoplasms
  14 goblins
  6 hobgoblins
  2 quokkas
  5 bats (D:1)
  2 frilled lizards (D:1)
  A kobold (D:1)
  2 rats
42 creatures vanquished.

Notes
Turn   | Place    | Note
-------+----------+-------------------------------------------
     0 | D:1      | qw the Deep Elf Hunter began the quest for the Orb.
     0 | D:1      | Reached XP level 1. HP: 12/12 MP: 3/3
     0 | D:1      | 0 ||| qw: Version: 0.3-a-22-g0ed2b0b
     0 | D:1      | 0 ||| qw: Game counter: 5550
     0 | D:1      | 0 ||| qw: Melee chars always use a shield: true
     0 | D:1      | 0 ||| qw: God list: Okawaru
     0 | D:1      | 0 ||| qw: Allow faded altars: false
     0 | D:1      | 0 ||| qw: Do Orc after clearing Dungeon:15 true
     0 | D:1      | 0 ||| qw: Do second Lair branch before Depths: true
     0 | D:1      | 0 ||| qw: Lair rune preference: random
     0 | D:1      | 0 ||| qw: Goals: Normal
     0 | D:1      | 0 ||| PLANNING D:1-11
   272 | D:1      | Reached skill level 6 in Ranged Weapons
   272 | D:1      | Reached XP level 2. HP: 16/16 MP: 4/4
   688 | D:1      | 688 ||| UPGRADING to +0 scale mail.
   698 | D:1      | 698 ||| DROPPING +0 leather armour.
   699 | D:1      | 699 ||| UPGRADING to +0 ring mail.
   709 | D:1      | 709 ||| DROPPING +0 scale mail.
   710 | D:1      | 710 ||| READING scroll labelled IDURYC SACVY.
   711 | D:1      | 711 ||| READING 4 scrolls labelled BUDWEMYNGE.
   712 | D:1      | 712 ||| READING 3 scrolls of brand weapon.
   712 | D:1      | 712 ||| BRANDING +0 shortbow of draining.
   713 | D:1      | 713 ||| READING 2 scrolls of brand weapon.
   713 | D:1      | 713 ||| BRANDING +0 shortbow of freezing.
   714 | D:1      | 714 ||| READING scroll of brand weapon.
   714 | D:1      | 714 ||| BRANDING +0 shortbow of electrocution.
   715 | D:1      | 715 ||| READING 2 scrolls labelled TUM XEBBUPNEMI.
   716 | D:1      | 716 ||| READING scroll labelled YFES XEANO.
   717 | D:1      | 717 ||| DROPPING scroll of butterflies.
   718 | D:1      | 718 ||| DROPPING scroll of amnesia.
   776 | D:2      | Reached XP level 3. HP: 20/20 MP: 5/5
   818 | D:2      | Reached skill level 7 in Ranged Weapons
   965 | D:2      | 965 ||| FLEEEEING.
   966 | D:2      | 966 ||| FLEEEEING.
   967 | D:2      | 967 ||| FLEEEEING.
   968 | D:2      | 968 ||| FLEEEEING.
   969 | D:2      | 969 ||| FLEEEEING.
   970 | D:2      | 970 ||| FLEEEEING.
   971 | D:2      | 971 ||| FLEEEEING.
   972 | D:2      | 972 ||| FLEEEEING.
   973 | D:2      | 973 ||| FLEEEEING.
   978 | D:2      | Reached XP level 4. HP: 25/25 MP: 6/6
   978 | D:2      | Noticed Robin
   986 | D:2      | Killed Robin
   987 | D:2      | 987 ||| FLEEEEING.
   988 | D:2      | 988 ||| FLEEEEING.
   989 | D:2      | 989 ||| FLEEEEING.
   990 | D:2      | 990 ||| FLEEEEING.
   991 | D:2      | 991 ||| FLEEEEING.
   992 | D:2      | 992 ||| FLEEEEING.
  1089 | D:2      | 1089 ||| UPGRADING to +0 helmet.
  1094 | D:2      | 1094 ||| READING scroll labelled AGETIG UBRO.
  1097 | D:2      | 1097 ||| READING scroll labelled ELUASA FOTTAWN.
  1098 | D:2      | 1098 ||| DRINKING 2 blue potions.
  1099 | D:2      | 1099 ||| DROPPING potion of degeneration.
  1149 | D:3      | Noticed Ijyb
  1152 | D:3      | Blown up by Ijyb

Levels and vault maps discovered:
D:1:      minmay_arrival_stone_box, layout_basic, minmay_cut_off
D:2:      layout_rooms, uniq_robin
D:3:      layout_basic, nicolae_overflow_ecumenical_swirl, serial_corexii_hall,
          corexii_hall_statues_i, chequers_hall_statues_y,
          chequers_hall_statues_wall_a, minmay_misc_feat_five, uniq_ijyb,
          uniq_terence, uniq_jessica

Skill      XL: |  1  2  3 |
---------------+----------+-----
Ranged Weapons | 6 7 |  7.7
Fighting       | |  1.5
Dodging        | |  2.4
Stealth        | |  1.2

Action                     |  1- 3 |  4- 6 || total
---------------------------+-------+-------++-------
   Fire: Shortbow          |   103 |    18 ||   121
    Use: Scroll            |     7 |     2 ||     9
         Potion            |       |     1 ||     1
 Armour: Leather armour    |     9 |       ||     9
         Ring mail         |     1 |       ||     1
  Dodge: Dodged            |    32 |     1 ||    33

Table legend:
 A = Non-vault XP
 B = Vault XP
 C = Vault XP percentage of total XP
 D = Non-vault monster count
 E = Vault monster count
 F = Vault count percentage of total count
                 A         B        C        D         E       F
            +---------+---------+-------+---------+---------+-------
      Total |      82 |      42 |  33.9 |      28 |      14 |  33.3
            +---------+---------+-------+---------+---------+-------
        D:1 |      26 |       6 |  18.8 |      16 |       3 |  15.8
        D:2 |      56 |      36 |  39.1 |      12 |      11 |  47.8
            +---------+---------+-------+---------+---------+-------
